 Dungeon Crawl Stone Soup version 0.24.0-13-gcf9b3192b9 (webtiles) character file.

Game seed: 18292416262756048703, levelgen mode: deterministic

11083 Aviak the Summoner (level 11, -5/83 HPs)
             Began as a Gnoll Summoner on Nov 10, 2019.
             Was an Elder of Sif Muna.
             Slain by a spiny frog (13 damage)
             ... on level 1 of the Lair of Beasts.
             The game lasted 00:25:33 (12151 turns).

Aviak the Summoner (Gnoll Summoner)                Turns: 12151, Time: 00:25:34

Health: -5/83      AC: 11    Str: 14    XL:     11   Next: 72%
Magic:  23/23      EV: 17    Int: 20    God:    Sif Muna [****..]
Gold:   561        SH:  0    Dex: 19    Spells: 7/26 levels left

rFire    . . .     SeeInvis .   R - +1 war axe "Dolusiats" {elec, Str+3}
rCold    . . .     Gourm    .   (no shield)
rNeg     . . .     Faith    .   A - +0 ring mail
rPois    .         Spirit   .   c - +2 hat
rElec    .         Reflect  .   p - +0 cloak
rCorr    .         Harm     .   M - +0 pair of gloves
MR       .....                  (no boots)
Stlth    +++.......             (no amulet)
HPRegen  1.23/turn              f - +3 ring of dexterity
MPRegen  0.18/turn              h - ring "Qyoh" {+Blink EV+1}

@: lethally poisoned (-5 -> -6), very slightly contaminated, regenerating
A: distributed training, fangs 1, strong nose
a: Channel Magic, Forget Spell, Divine Exegesis, Renounce Religion, Evoke Blink


You were on level 1 of the Lair of Beasts.
You worshipped Sif Muna.
Sif Muna was greatly pleased with you.
You were very hungry.

You visited 2 branches of the dungeon, and saw 10 of its levels.

You collected 561 gold pieces.

Inventory:

Hand Weapons
 u - a +2 falchion of freezing
 E - a +2 flail of protection
 R - the +1 war axe "Dolusiats" (weapon) {elec, Str+3}
   (You found it on level 10 of the Dungeon)

   Occasionally, upon striking a foe, it will discharge some electrical energy
   and cause terrible harm.
   It affects your strength (+3).
 S - a +2 broad axe of venom
Missiles
 k - 5 javelins (quivered)
Armour
 c - a +2 hat (worn)
 p - a +0 cloak (worn)
 s - a +0 large shield
 A - a +0 ring mail (worn)
 M - a +0 pair of gloves (worn)
Magical Staves
 q - an uncursed staff of wizardry {Wiz, !a}
Jewellery
 e - an uncursed ring of stealth
 f - a +3 ring of dexterity (left hand)
 h - the ring "Qyoh" (right hand) {+Blink EV+1}
   (You took it off a centaur warrior on level 10 of the Dungeon)

   [ring of evasion]

   It affects your evasion (+1).
   It lets you blink.
 B - an uncursed ring of ice
Wands
 a - a wand of polymorph (34)
 y - a wand of iceblast (4)
 D - a wand of enslavement (4)
 I - a wand of scattershot (5)
 K - a wand of flame (44)
Scrolls
 b - a scroll of enchant weapon {unknown}
 d - a scroll of magic mapping {unknown}
 i - a scroll of identify
 m - a scroll of enchant armour {unknown}
 n - 2 scrolls of random uselessness {unknown}
 r - 3 scrolls of remove curse
 t - 6 scrolls of teleportation
 x - a scroll of blinking
 z - a scroll of fear {unknown}
 F - 2 scrolls of fog
 J - a scroll of amnesia {unknown}
 O - a scroll of torment {unknown}
 P - a scroll of immolation {unknown}
Potions
 j - 2 potions of agility
 l - 2 potions of invisibility
 v - 2 potions of degeneration {unknown}
 w - a potion of haste {unknown}
 C - a potion of might
 G - a potion of brilliance {unknown}
 H - a potion of ambrosia
 L - a potion of lignification {unknown}
 N - a potion of magic {unknown}
 T - a potion of flight {unknown}
Miscellaneous
 g - a sack of spiders
Comestibles
 o - 13 rations


   Skills:
 + Level 6.4 Fighting
 + Level 6.4 Short Blades
 + Level 6.4 Long Blades
 + Level 6.4 Axes
 + Level 6.4 Maces & Flails
 + Level 6.4 Polearms
 + Level 6.4 Staves
 + Level 6.4 Slings
 + Level 6.4 Bows
 + Level 6.4 Crossbows
 + Level 6.4 Throwing
 + Level 6.4 Armour
 + Level 8.0 Dodging
 + Level 7.8 Stealth
 + Level 6.4 Shields
 + Level 6.4 Unarmed Combat
 + Level 8.2 Spellcasting
 + Level 5.3 Conjurations
 + Level 5.3 Hexes
 + Level 5.3 Charms
 + Level 9.0 Summonings
 + Level 5.3 Necromancy
 + Level 5.3 Translocations
 + Level 5.3 Transmutations
 + Level 5.3 Fire Magic
 + Level 5.3 Ice Magic
 + Level 5.3 Air Magic
 + Level 5.3 Earth Magic
 + Level 5.3 Poison Magic
 + Level 7.1 Invocations
 + Level 6.4 Evocations


You had 7 spell levels left.
You knew the following spells:

 Your Spells              Type           Power        Failure   Level  Hunger
a - Summon Small Mammal   Summ           ####         1%          1    None
b - Call Imp              Summ           #####...     1%          2    None
c - Call Canine Familiar  Summ           #####...     1%          3    None
d - Summon Ice Beast      Ice/Summ       #####...     8%          4    ###....
e - Summon Lightning Spi  Summ/Air       #####...     8%          4    ###....
g - Regeneration          Chrm/Necr      ####......   4%          3    None
y - Blink                 Tloc           N/A          2%          2    None

Your spell library contained the following spells:

 Spells                   Type           Power        Failure   Level  Hunger
 Animate Skeleton         Necr           N/A          1%          1    None
 Corona                   Hex            ####...      1%          1    None
 Magic Dart               Conj           ####         1%          1    None
 Pain                     Necr           ####         1%          1    None
 Sandblast                Erth           ####..       1%          1    None
 Summon Butterflies       Summ           #####...     1%          1    None
 Ensorcelled Hibernation  Hex/Ice        ####..       2%          2    None
 Passwall                 Tmut/Erth      ####....     2%          2    None
 Slow                     Hex            ####....     2%          2    None
 Summon Guardian Golem    Hex/Summ       #####...     2%          3    None
 Confuse                  Hex            ####....     4%          3    None
 Conjure Flame            Conj/Fire      ####....     4%          3    None
 Dazzling Spray           Conj/Hex       ####..       4%          3    None
 Mephitic Cloud           Conj/Pois/Air  ####....     4%          3    None
 Stone Arrow              Conj/Erth      ####..       4%          3    None
 Tukima's Dance           Hex            ####....     4%          3    None
 Vampiric Draining        Necr           ####......   4%          3    None
 Animate Dead             Necr           N/A          17%         4    ###....
 Petrify                  Tmut/Erth      ####....     17%         4    ###....
 Summon Mana Viper        Hex/Summ       #####...     22%         5    #####..
 Lee's Rapid Deconstruct  Erth           ####......   43%         5    #####..
 Summon Hydra             Summ           #####.....   97%         7    #######
 Haunt                    Necr/Summ      #####.....   100%        7    #######
 Borgnjor's Revivificati  Necr           ####......   100%        8    #######
 Death's Door             Chrm/Necr      ####......   100%        8    #######
 Infestation              Necr           ####......   100%        8    #######
 Necromutation            Tmut/Necr      ####......   100%        8    #######


Dungeon Overview and Level Annotations

Branches:
Dungeon (10/15)            Temple (0/1) D:4            Lair (1/6) D:10
    Orc: D:9-12

Altars:
Fedhas
Nemelex Xobeh
Qazlal
Ru
Sif Muna
Yredelemnul
Zin
The Shining One

Shops:
D:7 :


Innate Abilities, Weirdness & Mutations

Your experience applies equally to all skills.
You have very sharp teeth.
Your uncanny sense of smell can sniff out nearby items.


Message History

You are feeling very hungry.
You feel sick.
It was a potion of ambrosia.
You are confused.
You feel invigorated.
You feel sick.
Are you sure you want to stumble around while confused and next to your ice beast?
Okay, then.
Okay, then.
You feel sick.
You feel sick.
Your hound bites the spiny frog but does no damage.
The spiny frog stings you!
* * * LOW HITPOINT WARNING * * *
Your hound barely misses the spiny frog.
Unknown command.
Unknown command.
You feel less invigorated.
You feel less confused.
You feel sick. The spiny frog stings you!
You die...

##.#.#....#....##.##.# .#..
#........#..##.......# #....
..........#.....#.##.# #.....
..........#.....##.#. #...⌠..
##...#....#.....#.##. ##(......
#...##............##.####.......#
##..##...........####.##..⌠..#.#.
##..............##.⌠.#†.......)^.
##..###.##.....Y@Fh...#†.........
#...###.#####...#⌠.>....⌠.>.⌠..⌠.
........# ####.....=.............
P#..###.###.##..##.⌠.##......)...
###..............#..###...⌠..##.:
#.###.....###..#### ##........#
#..###P##......# ###...... #..#
###....##.#### ..!.⌠. #.##
##...##....#


You could see a spiny frog, a friendly ice beast and a friendly hound.

Vanquished Creatures
  A centaur warrior (D:10)
  2 skeletal warriors (D:10)
  A black mamba (Lair:1)
  A spiny frog (Lair:1)
  A gargoyle (D:9)
  A hippogriff (D:9)
  3 wraiths (D:10)
  A yak (D:9)
  A steam dragon (D:9)
  Edmund (D:5)
  A swamp drake (D:10)
  2 orc warriors
  4 porcupines
  A black bear (D:10)
  2 phantoms
  2 wolves (Lair:1)
  2 crocodiles
  2 ogres
  5 centaurs
  A big kobold (D:9)
  5 bullfrogs
  3 scorpions
  3 howler monkeys (D:8)
  A crimson imp (D:8)
  A bullfrog zombie (D:5)
  2 orc wizards
  A jelly (D:10)
  2 bullfrog skeletons
  An orc priest (D:10)
  2 centaur skeletons
  A hound (D:8)
  An iron imp (D:10)
  4 iguanas
  9 worker ants
  A hound skeleton (D:10)
  2 adders
  2 gnolls (D:3)
  2 oozes
  An adder skeleton (D:9)
  A dart slug (D:4)
  2 leopard geckos
  22 orcs
  A ball python (D:1)
  2 giant cockroaches (D:3)
  5 goblins (D:1)
  5 hobgoblins
  3 quokkas
  5 bats
  3 frilled lizards
  2 gnoll zombies (D:3)
  13 kobolds
  6 rats
  A fungus (D:10)
150 creatures vanquished.

Vanquished Creatures (collateral kills)
  Josephine (D:10)
  A centaur warrior (D:10)
  3 skeletal warriors
  A deep elf archer (D:9)
  An orc knight (D:10)
  2 deep elf magi (D:10)
  An ugly thing (D:10)
  A gargoyle (D:10)
  2 trolls (D:10)
  A hornet (D:10)
  2 hippogriffs
  A spriggan (D:7)
  4 yaks (D:9)
  A hungry ghost (D:10)
  A water moccasin (Lair:1)
  A porcupine (D:10)
  2 ice beasts
  4 orc warriors
  2 ogres
  2 phantoms
  4 wolves (Lair:1)
  A crocodile (D:10)
  A scorpion (D:10)
  3 crimson imps
  2 hounds
  5 orc wizards
  3 orc priests
  A jelly (D:10)
  An iguana (D:4)
  A bullfrog skeleton (D:10)
  Ijyb (D:5)
  2 worker ants
  3 adders
  2 gnolls (D:3)
  A shadow imp (D:10)
  An ooze (D:4)
  A worm (D:2)
  15 orcs
  A hobgoblin (D:1)
  A quokka (D:10)
  A kobold (D:2)
  A quokka zombie (D:9)
  2 fungi (D:10)
  2 plants (D:10)
90 creatures vanquished.

Vanquished Creatures (others)
  A boggart (D:9)
  A white imp (D:10)
  4 orcs (D:10)
  7 fungi (D:10)
  2 plants (D:10)
15 creatures vanquished.

Grand Total: 255 creatures vanquished

Notes
Turn   | Place    | Note
-------+----------+-------------------------------------------
     0 | D:1      | Aviak the Gnoll Summoner began the quest for the Orb.
     0 | D:1      | Reached XP level 1. HP: 13/13 MP: 6/6
   131 | D:1      | Reached XP level 2. HP: 16/19 MP: 7/7
   139 | D:1      | Learned a level 2 spell: Call Imp
   378 | D:1      | Reached XP level 3. HP: 25/25 MP: 9/9
   511 | D:1      | Learned a level 3 spell: Call Canine Familiar
   714 | D:2      | Reached skill level 5 in Spellcasting
   864 | D:2      | Found a shimmering blue altar of Sif Muna.
   865 | D:2      | Found a stormy altar of Qazlal.
   901 | D:2      | Became a worshipper of Sif Muna the Loreminder
   962 | D:2      | Found a glowing golden altar of the Shining One.
  1372 | D:3      | Reached skill level 1 in Invocations
  1383 | D:3      | Reached skill level 1 in Fighting
  1383 | D:3      | Reached skill level 1 in Short Blades
  1383 | D:3      | Reached skill level 1 in Long Blades
  1383 | D:3      | Reached skill level 1 in Axes
  1383 | D:3      | Reached skill level 1 in Maces & Flails
  1383 | D:3      | Reached skill level 1 in Polearms
  1383 | D:3      | Reached skill level 1 in Staves
  1383 | D:3      | Reached skill level 1 in Slings
  1383 | D:3      | Reached skill level 1 in Bows
  1383 | D:3      | Reached skill level 1 in Crossbows
  1383 | D:3      | Reached skill level 1 in Throwing
  1383 | D:3      | Reached skill level 1 in Armour
  1383 | D:3      | Reached skill level 1 in Shields
  1383 | D:3      | Reached skill level 1 in Unarmed Combat
  1383 | D:3      | Reached skill level 1 in Evocations
  1392 | D:3      | Reached XP level 4. HP: 32/32 MP: 7/11
  1710 | D:3      | Learned a level 4 spell: Summon Lightning Spire
  1776 | D:3      | Found a sparkling altar of Nemelex Xobeh.
  2135 | D:3      | Found a basalt altar of Yredelemnul.
  2222 | D:3      | Reached skill level 1 in Conjurations
  2222 | D:3      | Reached skill level 1 in Hexes
  2222 | D:3      | Reached skill level 1 in Charms
  2222 | D:3      | Reached skill level 1 in Necromancy
  2222 | D:3      | Reached skill level 1 in Translocations
  2222 | D:3      | Reached skill level 1 in Transmutations
  2222 | D:3      | Reached skill level 1 in Fire Magic
  2222 | D:3      | Reached skill level 1 in Ice Magic
  2222 | D:3      | Reached skill level 1 in Air Magic
  2222 | D:3      | Reached skill level 1 in Earth Magic
  2222 | D:3      | Reached skill level 1 in Poison Magic
  2298 | D:4      | Noticed a centaur
  2300 | D:4      | Noticed a centaur
  2323 | D:4      | Killed a centaur
  2323 | D:4      | Reached XP level 5. HP: 18/37 MP: 8/12
  2394 | D:4      | Killed a centaur
  2394 | D:4      | Reached XP level 6. HP: 15/44 MP: 6/13
  2566 | D:4      | Found a staircase to the Ecumenical Temple.
  2657 | D:4      | Reached skill level 5 in Dodging
  2730 | D:4      | Reached * piety under Sif Muna
  3557 | D:4      | Reached XP level 7. HP: 40/50 MP: 9/15
  3806 | D:5      | Entered Level 5 of the Dungeon
  3891 | D:5      | Noticed Edmund
  4139 | D:5      | Killed Edmund
  4243 | D:5      | Noticed Ijyb
  4263 | D:5      | Killed Ijyb
  4279 | D:5      | Reached skill level 5 in Stealth
  4583 | D:5      | You fall into a shaft and drop 3 floors!
  4641 | D:8      | Reached XP level 8. HP: 41/57 MP: 11/16
  4812 | D:7      | Found Zeuz's Book Shop.
  4884 | D:7      | Found a glowing silver altar of Zin.
  4978 | D:7      | Reached ** piety under Sif Muna
  5411 | D:7      | Noticed a spriggan baker
  5417 | D:7      | Killed a spriggan baker
  5819 | D:8      | Reached XP level 9. HP: 39/65 MP: 4/18
  6384 | D:9      | Reached skill level 8 in Summonings
  6822 | D:9      | Noticed a deep elf archer
  6833 | D:9      | Killed a deep elf archer
  6833 | D:9      | Reached *** piety under Sif Muna
  6833 | D:9      | Reached skill level 5 in Invocations
  6874 | D:9      | Found a sacrificial altar of Ru.
  6874 | D:9      | Found a blossoming altar of Fedhas.
  7107 | D:9      | Noticed a gargoyle
  7127 | D:9      | Killed a gargoyle
  7127 | D:9      | Reached XP level 10. HP: 27/73 MP: 18/20
  7480 | D:9      | Learned a level 4 spell: Summon Ice Beast
  7717 | D:10     | Entered Level 10 of the Dungeon
  7802 | D:10     | Noticed a skeletal warrior
  7802 | D:10     | Noticed a skeletal warrior
  7803 | D:10     | Noticed a skeletal warrior
  7805 | D:10     | Noticed Josephine
  7805 | D:10     | Noticed a skeletal warrior
  7865 | D:9      | Killed a skeletal warrior
  8129 | D:10     | Reached skill level 5 in Fighting
  8129 | D:10     | Reached skill level 5 in Short Blades
  8129 | D:10     | Reached skill level 5 in Long Blades
  8129 | D:10     | Reached skill level 5 in Axes
  8129 | D:10     | Reached skill level 5 in Maces & Flails
  8129 | D:10     | Reached skill level 5 in Polearms
  8129 | D:10     | Reached skill level 5 in Staves
  8129 | D:10     | Reached skill level 5 in Slings
  8129 | D:10     | Reached skill level 5 in Bows
  8129 | D:10     | Reached skill level 5 in Crossbows
  8129 | D:10     | Reached skill level 5 in Throwing
  8129 | D:10     | Reached skill level 5 in Armour
  8129 | D:10     | Reached skill level 5 in Shields
  8129 | D:10     | Reached skill level 5 in Unarmed Combat
  8129 | D:10     | Reached skill level 5 in Evocations
  8664 | D:10     | Noticed a gargoyle
  8664 | D:10     | Noticed a cyclops
  8710 | D:10     | Noticed a red ugly thing
  8720 | D:10     | Killed a red ugly thing
  8724 | D:10     | Noticed a centaur warrior
  8732 | D:10     | Killed a centaur warrior
  8972 | D:10     | Identified the ring "Qyoh" {+Blink EV+1}
  8972 | D:10     | Noticed a centaur warrior
  8985 | D:10     | Killed a gargoyle
  8996 | D:10     | Killed a centaur warrior
  9059 | D:10     | Noticed an orc knight
  9068 | D:10     | Found a staircase to the Lair.
  9077 | D:10     | Killed an orc knight
  9341 | D:10     | Noticed a deep elf mage
  9353 | D:10     | Killed a deep elf mage
  9353 | D:10     | Reached **** piety under Sif Muna
  9353 | D:10     | Reached XP level 11. HP: 49/81 MP: 14/22
  9570 | D:10     | Noticed a deep elf mage
  9587 | D:10     | Killed a deep elf mage
 10028 | D:10     | Identified the cursed +1 mace "Jelly's Nightmare" {crush,
                  | rF+ Str+3} (You found it on level 10 of the Dungeon)
 10042 | D:10     | Learned a level 3 spell: Regeneration
 10045 | D:10     | Learned a level 2 spell: Blink
 10107 | D:10     | Got a steaming war axe
 10108 | D:10     | Identified the cursed +1 war axe "Dolusiats" {elec, Str+3}
                  | (You found it on level 10 of the Dungeon)
 10124 | D:10     | Paralysed by a hornet for 2 turns
 10523 | D:10     | Noticed a skeletal warrior
 10589 | D:10     | Killed a skeletal warrior
 10593 | D:10     | Killed a skeletal warrior
 10597 | D:10     | Killed a skeletal warrior
 10597 | D:10     | Reached skill level 5 in Conjurations
 10597 | D:10     | Reached skill level 5 in Hexes
 10597 | D:10     | Reached skill level 5 in Charms
 10597 | D:10     | Reached skill level 5 in Necromancy
 10597 | D:10     | Reached skill level 5 in Translocations
 10597 | D:10     | Reached skill level 5 in Transmutations
 10597 | D:10     | Reached skill level 5 in Fire Magic
 10597 | D:10     | Reached skill level 5 in Ice Magic
 10597 | D:10     | Reached skill level 5 in Air Magic
 10597 | D:10     | Reached skill level 5 in Earth Magic
 10597 | D:10     | Reached skill level 5 in Poison Magic
 10870 | D:10     | Killed Josephine
 11131 | D:10     | Killed a skeletal warrior
 11531 | Lair:1   | Entered Level 1 of the Lair of Beasts
 11950 | Lair:1   | Reached skill level 9 in Summonings
 12150 | Lair:1   | HP: 4/83 [spiny frog (8)]
 12151 | Lair:1   | Slain by a spiny frog

Levels and vault maps discovered:
D:1:      saegor_arrival_simple_e, layout_loops_ring, minmay_statues_item
D:2:      layout_rooms, nicolae_tso_swordbearing_angel,
          gammafunk_temple_overflow_statue, first_ration,
          chequers_serial_rivers_small_3
D:3:      layout_loops_corners, lemuel_zombie_altar_yredelemnul,
          nemelex_diamond_rough_becter
D:4:      layout_cave_pods, minmay_temple_entry_enclosed_plants,
          hangedman_abyss_or_decor_lesser_grid
D:5:      layout_basic, uniq_grinder, uniq_edmund, uniq_ijyb
D:7:      layout_basic, kennysheep_mini, serial_shops, nicolae_shop_statue_plus,
          the_bakery
D:8:      layout_cave_pools
D:9:      layout_rooms, library_closet, jmf_multi_god_temple
D:10:     minmay_the_grid_octo_2x2 [minmay_the_grid_octo_fan_narrow,
          minmay_the_grid_octo_concentric, minmay_the_grid_octo_odd_swirl,
          minmay_the_grid_octo_prize_square_snowflake], layout_long_grid,
          grunt_lair_entry_orc_guard_hut, hangedman_minor_magic, uniq_josephine
Lair:1:   layout_loops_ring, grunt_megastairs_3

Skill      XL: |  1  2  3  4  5  6  7  8  9 10 11 |
---------------+----------------------------------+-----
Spellcasting   | 5 6 7 8 |  8.2
Invocations    | 1 2 3 4 5 6 7 |  7.1
Fighting       | 1 2 3 4 5 6 |  6.4
Short Blades   | 1 2 3 4 5 6 |  6.4
Long Blades    | 1 2 3 4 5 6 |  6.4
Axes           | 1 2 3 4 5 6 |  6.4
Maces & Flails | 1 2 3 4 5 6 |  6.4
Polearms       | 1 2 3 4 5 6 |  6.4
Staves         | 1 2 3 4 5 6 |  6.4
Slings         | 1 2 3 4 5 6 |  6.4
Bows           | 1 2 3 4 5 6 |  6.4
Crossbows      | 1 2 3 4 5 6 |  6.4
Throwing       | 1 2 3 4 5 6 |  6.4
Armour         | 1 2 3 4 5 6 |  6.4
Shields        | 1 2 3 4 5 6 |  6.4
Unarmed Combat | 1 2 3 4 5 6 |  6.4
Evocations     | 1 2 3 4 5 6 |  6.4
Conjurations   | 1 2 3 4 5 |  5.3
Hexes          | 1 2 3 4 5 |  5.3
Charms         | 1 2 3 4 5 |  5.3
Necromancy     | 1 2 3 4 5 |  5.3
Translocations | 1 2 3 4 5 |  5.3
Transmutations | 1 2 3 4 5 |  5.3
Fire Magic     | 1 2 3 4 5 |  5.3
Ice Magic      | 1 2 3 4 5 |  5.3
Air Magic      | 1 2 3 4 5 |  5.3
Earth Magic    | 1 2 3 4 5 |  5.3
Poison Magic   | 1 2 3 4 5 |  5.3
Dodging        | 5 6 7 8 |  8.0
Stealth        | 5 6 7 |  7.8
Summonings     | 8 9 |  9.0

Action                   |  1- 3 |  4- 6 |  7- 9 | 10-12 || total
-------------------------+-------+-------+-------+-------++-------
Melee: Dagger            |    93 |       |       |       ||    93
       Unarmed           |     8 |       |       |       ||     8
       Bite              |    14 |    14 |    46 |    33 ||   107
       Falchion          |     3 |    97 |    30 |       ||   130
       Flail             |       |       |   291 |   166 ||   457
       Punch             |       |       |     7 |     4 ||    11
       War axe           |       |       |       |    93 ||    93
       Broad axe         |       |       |       |     2 ||     2
Throw: Javelin           |       |     3 |       |     1 ||     4
 Cast: Call Imp          |     4 |     7 |    16 |     2 ||    29
       Call Canine Famil |     2 |     6 |    18 |    23 ||    49
       Summon Lightning  |       |       |     4 |    18 ||    22
       Summon Ice Beast  |       |       |       |    31 ||    31
       Regeneration      |       |       |       |     1 ||     1
Invok: Channel Magic     |       |       |       |     2 ||     2
Evoke: Wand              |       |       |     1 |       ||     1
  Use: Scroll            |     4 |       |     3 |     7 ||    14
       Potion            |       |     3 |       |     5 ||     8
 Stab: Sleeping          |     8 |     5 |     8 |     9 ||    30
       Invisible         |       |     3 |       |       ||     3
       Distracted        |       |     2 |     7 |     3 ||    12
  Eat: Chunk             |     2 |     6 |    11 |    14 ||    33
       Ration            |       |       |     1 |     2 ||     3
Armor: Robe              |     7 |       |       |       ||     7
       Leather armour    |    15 |     3 |       |       ||    18
       Ring mail         |       |    20 |   140 |   105 ||   265
Dodge: Dodged            |    77 |    58 |   307 |   252 ||   694
       Rpst.: Falchion   |     1 |    19 |    13 |       ||    33
